 Dungeon Crawl Stone Soup version 0.25.1-9-gc5326a611f (webtiles) character file.

Game seed: 14021059948243784955

591 Destapler the Covered (level 7, -6/56 HPs)
             Began as a Gnoll Wanderer on Jan 2, 2021.
             Mangled by an ogre
             ... wielding a +0 giant club
              (13 damage)
             ... on level 4 of the Dungeon.
             The game lasted 00:07:13 (2878 turns).

Destapler the Covered (Gnoll Wanderer)              Turns: 2878, Time: 00:07:13

Health: -6/56      AC: 11    Str: 15    XL:     7   Next: 39%
Magic:  10/10      EV: 10    Int: 15    God:
Gold:   134        SH:  0    Dex: 15    Spells: 10/10 levels left

rFire    . . .     SeeInvis .   m - +0 whip (elec)
rCold    . . .     Gourm    .   (no shield)
rNeg     . . .     Faith    .   b - +2 scale mail
rPois    .         Spirit   .   (no helmet)
rElec    .         Reflect  .   (no cloak)
rCorr    .         Harm     .   r - +0 pair of gloves
MR       .....                  (no boots)
Stlth    +.........             (no amulet)
HPRegen  0.18/turn              (no ring)
MPRegen  0.12/turn              (no ring)

@: no status effects
A: distributed training, fangs 1, strong nose
a: no special abilities


You were on level 4 of the Dungeon.
You were not hungry.

You visited 1 branch of the dungeon, and saw 5 of its levels.

You collected 257 gold pieces.
You spent 123 gold pieces at shops.

Inventory:

Hand Weapons
 a - a +0 hand axe
 l - a +0 dagger of speed
 m - a +0 whip of electrocution (weapon)
Missiles
 i - 18 poisoned darts (quivered)
 s - 9 boomerangs
 C - a throwing net
Armour
 b - a +2 scale mail (worn)
 r - a +0 pair of gloves (worn)
 y - the +1 robe "Sagromm" {MR- Int+4, unknown}
   (You found it on level 4 of the Dungeon)

   It affects your intelligence (+4).
   It affects your resistance to hostile enchantments.
Jewellery
 h - an uncursed ring of ice
Wands
 v - a wand of flame (13)
Scrolls
 c - 4 scrolls of teleportation
 e - 3 scrolls of remove curse {unknown}
 g - a scroll of magic mapping {unknown}
 j - 3 scrolls of identify {unknown}
 k - a scroll of fear {unknown}
 n - 2 scrolls of immolation {unknown}
 o - a scroll of blinking {unknown}
 q - 3 scrolls of noise {unknown}
 t - a scroll of enchant armour {unknown}
 u - a scroll of fog {unknown}
 w - 2 scrolls of amnesia {unknown}
Potions
 f - a potion of cancellation {unknown}
 p - a potion of resistance
 x - a potion of lignification {unknown}
 z - 2 potions of heal wounds
 A - a potion of brilliance {unknown}
 B - a potion of curing {unknown}
Comestibles
 d - 10 rations


   Skills:
 + Level 5.2 Fighting
 + Level 2.4 Short Blades
 + Level 2.4 Long Blades
 + Level 2.4 Axes
 + Level 2.4 Maces & Flails
 + Level 2.4 Polearms
 + Level 2.4 Staves
 + Level 2.4 Slings
 + Level 2.4 Bows
 + Level 2.4 Crossbows
 + Level 2.4 Throwing
 + Level 7.0 Armour
 + Level 2.4 Dodging
 + Level 3.4 Stealth
 + Level 3.5 Shields
 + Level 2.4 Unarmed Combat
 + Level 2.4 Spellcasting
 + Level 2.0 Conjurations
 + Level 2.0 Hexes
 + Level 2.0 Charms
 + Level 2.0 Summonings
 + Level 2.0 Necromancy
 + Level 2.0 Translocations
 + Level 4.3 Transmutations
 + Level 2.0 Fire Magic
 + Level 2.0 Ice Magic
 + Level 2.0 Air Magic
 + Level 2.0 Earth Magic
 + Level 2.9 Poison Magic
 + Level 2.6 Invocations
 + Level 2.4 Evocations


You had 10 spell levels left.
You didn't know any spells.
Your spell library was empty.

Dungeon Overview and Level Annotations

Branches:
Dungeon (5/15)
 Temple: D:4-7

Altars:
Elyvilon
Gozag
Okawaru
Trog

Shops:
D:5 *


Innate Abilities, Weirdness & Mutations

Your experience applies equally to all skills.
You have very sharp teeth.
Your uncanny sense of smell can sniff out nearby items.


Message History

The ogre is lightly wounded.
The ogre hits you with a +0 giant club!!
Ouch! That really hurt!
* * * LOW HITPOINT WARNING * * *
You barely miss the ogre.
The ogre is lightly wounded.
The ogre hits you with a +0 giant club!
* * * LOW HITPOINT WARNING * * *
You are too injured to fight recklessly!
You are too injured to fight recklessly!
You are too injured to fight recklessly!
You are too injured to fight recklessly!
You are too injured to fight recklessly!
You hit the ogre but do no damage.
The ogre is lightly wounded.
You hit the ogre. Lightning courses through the ogre!
You bite the ogre, but do no damage.
The ogre is heavily wounded.
The ogre hits you with a +0 giant club!
You die...

############# ##
............# #.
##.########.###.### #.
.)....O@.†..# #...#####.
##.########.###.........
#.......######
##............
#..##..PP)PP#
....##..P).)P#
###.###..P...P#
#.###.......#
##.#.....PPPP#


You could see an ogre.

Vanquished Creatures
  An orc warrior (D:2)
  An ogre (D:5)
  A scorpion (D:4)
  A howler monkey (D:4)
  A quasit (D:5)
  Terence (D:3)
  2 worker ants
  A hound zombie (D:5)
  6 gnolls
  5 adders
  An ooze (D:2)
  A worm (D:2)
  4 dart slugs
  2 leopard geckos
  7 orcs
  A ball python (D:3)
  8 bats
  2 giant cockroaches
  4 hobgoblins
  14 jackals
  2 quokkas
  4 frilled lizards
  7 goblins
  A jackal skeleton (D:4)
  9 kobolds
  10 rats
  A toadstool (D:4)
98 creatures vanquished.

Vanquished Creatures (others)
  A quokka (D:3)
  3 toadstools (D:4)
4 creatures vanquished.

Grand Total: 102 creatures vanquished

Notes
Turn   | Place    | Note
-------+----------+-------------------------------------------
     0 | D:1      | Destapler the Gnoll Wanderer began the quest for the Orb.
     0 | D:1      | Destapler set off with the following items: a +0 hand axe,
                  | a +2 scale mail, a scroll of teleportation, a ration
     0 | D:1      | Reached XP level 1. HP: 20/20 MP: 1/1
    61 | D:1      | Reached XP level 2. HP: 26/26 MP: 2/2
   322 | D:1      | Reached XP level 3. HP: 31/31 MP: 3/3
   612 | D:2      | Reached skill level 1 in Invocations
   753 | D:2      | Found a bloodstained altar of Trog.
   817 | D:2      | Reached skill level 1 in Short Blades
   817 | D:2      | Reached skill level 1 in Long Blades
   817 | D:2      | Reached skill level 1 in Axes
   817 | D:2      | Reached skill level 1 in Maces & Flails
   817 | D:2      | Reached skill level 1 in Polearms
   817 | D:2      | Reached skill level 1 in Staves
   817 | D:2      | Reached skill level 1 in Slings
   817 | D:2      | Reached skill level 1 in Bows
   817 | D:2      | Reached skill level 1 in Crossbows
   817 | D:2      | Reached skill level 1 in Throwing
   817 | D:2      | Reached skill level 1 in Dodging
   817 | D:2      | Reached skill level 1 in Unarmed Combat
   817 | D:2      | Reached skill level 1 in Spellcasting
   817 | D:2      | Reached skill level 1 in Evocations
   867 | D:2      | Reached XP level 4. HP: 29/38 MP: 5/5
  1174 | D:2      | Noticed an orc warrior
  1189 | D:2      | Killed an orc warrior
  1189 | D:2      | Reached skill level 1 in Conjurations
  1189 | D:2      | Reached skill level 1 in Hexes
  1189 | D:2      | Reached skill level 1 in Charms
  1189 | D:2      | Reached skill level 1 in Summonings
  1189 | D:2      | Reached skill level 1 in Necromancy
  1189 | D:2      | Reached skill level 1 in Translocations
  1189 | D:2      | Reached skill level 1 in Fire Magic
  1189 | D:2      | Reached skill level 1 in Ice Magic
  1189 | D:2      | Reached skill level 1 in Air Magic
  1189 | D:2      | Reached skill level 1 in Earth Magic
  1189 | D:2      | Reached XP level 5. HP: 40/43 MP: 5/7
  1371 | D:2      | Found an iron altar of Okawaru.
  1738 | D:3      | Found a white marble altar of Elyvilon.
  1757 | D:3      | Reached XP level 6. HP: 31/50 MP: 8/8
  1917 | D:3      | Found an opulent altar of Gozag.
  1943 | D:3      | Noticed Terence
  1956 | D:3      | Killed Terence
  2118 | D:3      | You fall into a shaft and drop 2 floors!
  2118 | D:5      | Entered Level 5 of the Dungeon
  2142 | D:5      | Reached skill level 5 in Fighting
  2156 | D:5      | Found Oxybokin's Assorted Antiques.
  2170 | D:5      | Reached XP level 7. HP: 18/56 MP: 10/10
  2175 | D:5      | HP: 2/56 [orc/+0 flail (3)]
  2395 | D:5      | Bought a scroll labeled KAGUN ZOAP for 21 gold pieces
  2395 | D:5      | Bought a scroll labeled KAGUN ZOAP for 21 gold pieces
  2395 | D:5      | Bought a scroll labeled LUYKKUICE REIRIE for 21 gold pieces
  2395 | D:5      | Bought a sedimented grey potion for 18 gold pieces
  2395 | D:5      | Bought a scroll labeled EQU UR COAX for 21 gold pieces
  2395 | D:5      | Bought a scroll labeled JAEGHO GILOB for 21 gold pieces
  2448 | D:4      | Got a faintly humming robe
  2494 | D:4      | Reached skill level 7 in Armour
  2878 | D:4      | Mangled by an ogre

Illustrated notes

Levels and vault maps discovered:
D:1:      dpeg_arrival_rooms_with_view, layout_rooms
D:2:      layout_basic, lemuel_doored_altar, okawaru_ov_weapons_minmay
D:3:      layout_rooms, nicolae_overflow_hidden_temple,
          nicolae_gozag_seed_capital, elyvilon_altar_4,
          minmay_misc_feat_secret_circle, uniq_terence
D:4:      layout_loops_ring, nemelex_xobeh_ov_fountains_minmay,
          minmay_temple_entry_enclosed_plants, minmay_gold_behind_fungi
D:5:      layout_basic, minmay_overflow_temple_star_quad, serial_shops,
          nicolae_shop_overgrown_old_shop, first_ration

Skill      XL: |  1  2  3  4  5  6  7 |
---------------+----------------------+-----
Poison Magic   | 2 |  2.9
Invocations    | 1 2 |  2.6
Short Blades   | 1 2 |  2.4
Long Blades    | 1 2 |  2.4
Axes           | 1 2 |  2.4
Maces & Flails | 1 2 |  2.4
Polearms       | 1 2 |  2.4
Staves         | 1 2 |  2.4
Slings         | 1 2 |  2.4
Bows           | 1 2 |  2.4
Crossbows      | 1 2 |  2.4
Throwing       | 1 2 |  2.4
Dodging        | 1 2 |  2.4
Unarmed Combat | 1 2 |  2.4
Spellcasting   | 1 2 |  2.4
Evocations     | 1 2 |  2.4
Shields        | 3 |  3.5
Conjurations   | 1 2 |  2.0
Hexes          | 1 2 |  2.0
Charms         | 1 2 |  2.0
Summonings     | 1 2 |  2.0
Necromancy     | 1 2 |  2.0
Translocations | 1 2 |  2.0
Transmutations | 4 |  4.3
Fire Magic     | 1 2 |  2.0
Ice Magic      | 1 2 |  2.0
Air Magic      | 1 2 |  2.0
Earth Magic    | 1 2 |  2.0
Stealth        | 3 |  3.4
Fighting       | 5 |  5.2
Armour         | 7 |  7.0

Action                   |  1- 3 |  4- 6 |  7- 9 || total
-------------------------+-------+-------+-------++-------
Melee: Hand axe          |    56 |       |       ||    56
       Bite              |    14 |     9 |     5 ||    28
       Whip              |    35 |   146 |    45 ||   226
       Dagger            |    35 |       |       ||    35
  Use: Potion            |       |       |     4 ||     4
  Eat: Chunk             |       |     4 |     3 ||     7
Armor: Scale mail        |   107 |   141 |    20 ||   268
Dodge: Dodged            |    78 |   174 |    30 ||   282
